Map: Lightshade LE

Players

oOMeomaikAOo (MeomaikA)

  • Race: Zerg Zerg
  • League: Grandmaster

Seither - Winner!

  • Race: Terran Terran
  • League: Grandmaster

Event: DreamHack SC2 Masters 2021 Summer

VOD

Have the link to the VOD?

Description

Time

  • Played on: May 19, 2021, 6:47 a.m.
  • Length: 18:48

All games in this series

Show
View Real Time Build Order
Export as new Build Order

oOMeomaikAOo Zerg 

Build Orders: Pool First 

Get SALT Encoding   

  12  0:00  Drone  
  13  0:08  Drone  
  14  0:16  Overlord  
  14  0:24  Extractor, Drone  
  15  0:34  Drone x2  
  17  0:44  Spawning Pool  
  17  0:47  Drone  
  17  1:07  Hatchery  
  17  1:10  Drone  
  17  1:13  Extractor  
  17  1:15  Drone  
  17  1:19  Drone  
  18  1:34  Zergling x2  
  18  1:35  Queen  
  18  1:37  Drone  
  22  1:48  Overlord  
  22  2:06  Drone  
  23  2:09  Drone  
  23  2:10  Queen  
  23  2:13  Metabolic Boost  
  26  2:19  Queen, Drone  
  29  2:23  Drone  
  30  2:30  Drone  
  30  2:31  Drone  
  32  2:41  Drone  
  32  2:42  Drone  
  34  2:44  Drone x2  
  36  3:02  Hatchery, Overlord  
  35  3:06  Drone  
  35  3:11  Overlord  
  36  3:18  Overlord  
  36  3:20  Drone x3  
  36  3:21  Drone x2  
  41  3:27  Queen  
  41  3:29  Drone  
  41  3:31  Drone  
  45  3:37  Queen  
  45  3:40  Drone  
  49  3:41  Drone  
  49  3:48  Evolution Chamber  
  49  3:49  Zergling x2  
  49  3:50  Evolution Chamber  
  45  3:56  Drone x2  
  45  3:57  Drone x2  
  45  3:58  Drone  
  50  4:03  Drone x3  
  53  4:10  Queen  
  53  4:14  Zerg Ground Armor Level 1  
  55  4:17  Zerg Melee Weapons Level 1  
  55  4:20  Drone  
  55  4:21  Drone  
  55  4:23  Drone  
  58  4:25  Overlord  
  58  4:27  Drone  
  58  4:29  Extractor, Drone  
  59  4:32  Zergling x4  
  59  4:36  Zergling x6  
  64  4:46  Spore Crawler, Drone  
  64  4:47  Spore Crawler  
  64  4:50  Spore Crawler  
  62  4:53  Drone x3  
  62  4:55  Drone x2  
  62  4:56  Zergling x4  
  62  4:57  Zergling x2  
  62  4:58  Drone  
  71  5:01  Drone  
  71  5:02  Drone  
  71  5:04  Lair  
  73  5:10  Spore Crawler  
  73  5:13  Spore Crawler  
  68  5:21  Drone  
  68  5:22  Overlord, Drone  
  68  5:23  Zergling x6  
  68  5:27  Zergling x2  
  72  5:29  Zergling x2  
  72  5:31  Zergling x2, Overlord  
  73  5:38  Overlord x2  
  73  5:39  Overlord  
  73  5:41  Overlord  
  73  5:47  Drone x6  
  73  5:49  Overlord  
  77  5:57  Drone  
  77  5:58  Drone  
  77  6:02  Baneling Nest  
  77  6:03  Hatchery  
  77  6:05  Drone x2  
  77  6:06  Drone x2  
  77  6:11  Zerg Ground Armor Level 2  
  81  6:15  Zerg Melee Weapons Level 2  
  81  6:16  Zergling x2  
  81  6:17  Zergling x2  
  83  6:19  Overlord  
  83  6:24  Overlord  
  84  6:25  Zergling x2  
  84  6:26  Spore Crawler  
  84  6:27  Drone x2  
  84  6:29  Drone  
  86  6:34  Zergling x6, Drone  
  86  6:35  Overlord  
  86  6:38  Drone x3  
  93  6:40  Drone  
  93  6:41  Drone  
  93  6:42  Overlord  
  93  6:44  Overseer  
  93  6:47  Queen  
  95  6:48  Zergling x2  
  95  6:52  Zergling x4  
  95  6:53  Zergling x6  
  103  6:56  Zergling x2  
  103  7:00  Zergling x2  
  105  7:03  Zergling x2  
  105  7:04  Zergling x2, Centrifical Hooks  
  105  7:05  Overlord  
  107  7:11  Zergling x10  
  107  7:12  Zergling x2  
  113  7:17  Drone x3  
  113  7:18  Extractor  
  113  7:19  Zergling x6  
  118  7:26  Zergling x2  
  118  7:27  Zergling x2  
  118  7:29  Zergling x4  
  120  7:36  Drone x3  
  123  7:37  Hatchery  
  123  7:38  Overlord, Drone  
  123  7:39  Drone x2  
  123  7:40  Queen  
  127  7:45  Zergling x2  
  127  7:46  Zergling x2  
  129  7:52  Zergling x4  
  129  7:53  Zergling x2, Overlord  
  129  7:54  Drone  
  129  7:57  Zergling x4  
  129  7:58  Infestation Pit  
  134  8:00  Zergling x2  
  134  8:02  Zergling x4  
  134  8:03  Zergling x2, Baneling x17  
  134  8:04  Zergling x2  
  137  8:15  Zergling x4  
  137  8:16  Zergling x4  
  137  8:17  Zergling x4  
  143  8:20  Zergling x2  
  143  8:21  Zergling x4  
  143  8:22  Baneling  
  143  8:23  Zergling x4, Baneling x4  
  143  8:24  Queen  
  143  8:26  Queen  
  153  8:27  Zergling x4  
  153  8:30  Zergling x4  
  156  8:36  Zergling x2  
  156  8:40  Zergling x8  
  161  8:42  Zergling x4  
  161  8:46  Zergling x6  
  163  8:49  Zergling x2  
  163  8:50  Zergling x2  
  163  8:51  Zergling x4  
  163  8:52  Zergling x2  
  163  8:53  Zergling x4, Baneling  
  163  8:54  Zergling x2, Baneling x9  
  168  8:58  Extractor  
  168  9:00  Zergling x4  
  169  9:03  Zergling x2  
  169  9:04  Zergling x2  
  169  9:05  Zergling x2  
  169  9:15  Zergling x2  
  169  9:16  Zergling x4  
  147  9:17  Zergling x2  
  147  9:18  Zergling x2  
  147  9:24  Drone x4  
  147  9:28  Drone  
  149  9:32  Drone x2  
  149  9:35  Zergling x4, Queen  
  149  9:36  Zergling x2  
  149  9:37  Hive  
  156  9:40  Baneling  
  156  9:41  Baneling x9  
  156  9:43  Zergling x4  
  156  9:44  Zergling x2  
  159  9:46  Zergling x2  
  159  9:47  Zergling x2  
  159  9:50  Zergling x4  
  159  9:51  Zergling x6  
  159  9:52  Zergling x2  
  167  9:53  Zergling x2  
  167  9:57  Zergling x4  
  167  9:58  Zergling x4  
  172  10:04  Drone  
  173  10:07  Zergling x2  
  173  10:08  Zergling x2, Baneling x7  
  173  10:09  Zergling x4, Baneling x6  
  177  10:15  Zergling x2  
  177  10:17  Zergling x4  
  177  10:18  Zergling x4  
  177  10:19  Overlord  
  182  10:26  Baneling  
  182  10:27  Overlord, Baneling x6  
  182  10:42  Zergling x2  
  173  10:48  Zergling x4  
  173  10:49  Zergling x4  
  121  10:50  Zergling x2  
  121  10:51  Zergling x2  
  121  10:52  Zergling x38  
  121  10:53  Hatchery  
  129  10:59  Zergling x2  
  129  11:01  Zergling x2  
  129  11:02  Zergling x2  
  129  11:04  Zergling x2  
  130  11:05  Zergling x2  
  130  11:09  Zergling x2  
  121  11:14  Zergling x2  
  121  11:15  Zergling x2, Queen  
  121  11:18  Zergling x4  
  120  11:19  Zergling x4  
  120  11:20  Zergling x2, Hatchery  
  120  11:22  Zergling x2  
  120  11:24  Zerg Melee Weapons Level 3, Zerg Ground Armor Level 3  
  120  11:25  Zergling x4  
  126  11:28  Drone x2  
  126  11:29  Drone  
  126  11:30  Drone  
  131  11:32  Drone  
  131  11:33  Drone x2  
  131  11:35  Zergling x4  
  131  11:36  Extractor x2  
  131  11:38  Zergling x2  
  131  11:40  Drone  
  131  11:44  Drone, Adrenal Glands  
  131  11:46  Drone x3  
  136  11:50  Zergling x4  
  136  11:52  Zergling x2  
  139  11:55  Zergling x2  
  139  11:57  Zergling x4  
  139  11:59  Baneling x13  
  139  12:00  Drone  
  143  12:02  Drone  
  143  12:03  Drone  
  143  12:04  Drone  
  146  12:09  Drone x3  
  146  12:10  Drone  
  146  12:12  Zergling x2  
  151  12:16  Pneumatized Carapace  
  151  12:17  Zergling x2, Overseer  
  151  12:18  Zergling x2  
  151  12:19  Drone  
  151  12:20  Drone  
  151  12:21  Drone  
  156  12:23  Zergling x4  
  156  12:28  Baneling x8  
  156  12:29  Drone  
  159  12:32  Drone x3  
  159  12:33  Drone  
  159  12:36  Overlord  
  159  12:37  Drone  
  164  12:39  Drone x3  
  164  12:42  Spore Crawler  
  164  12:44  Zergling x4  
  168  12:47  Drone x3  
  168  12:48  Drone x2  
  173  12:52  Extractor, Drone  
  173  12:53  Zergling x2, Drone x2  
  173  12:54  Zergling x4  
  173  12:55  Zergling x2  
  179  13:00  Zergling x6, Ultralisk Cavern  
  179  13:01  Zergling x2  
  179  13:03  Zergling x2  
  179  13:04  Zergling x2  
  179  13:05  Zergling x6  
  187  13:07  Zergling x4  
  187  13:08  Zergling x2  
  187  13:09  Zergling x2  
  187  13:10  Zergling x2  
  187  13:11  Zergling x4  
  194  13:16  Drone x2  
  194  13:17  Drone x4  
  187  13:22  Drone x2  
  187  13:25  Zergling x2, Spore Crawler  
  187  13:26  Zergling x6  
  192  13:32  Baneling x14  
  192  13:33  Zergling x2  
  193  13:42  Zergling x14  
  200  13:54  Chitinous Plating  
  200  13:57  Hatchery  
  186  15:09  Ultralisk x2  
  186  15:12  Anabolic Synthesis  
  191  15:22  Queen  
  168  15:51  Ultralisk x5  
  168  15:52  Zergling x4  
  200  16:00  Baneling x15  
  200  16:01  Baneling x42  
  200  16:07  Zergling x2, Spore Crawler  
  200  16:18  Extractor  
  199  16:19  Zergling x2  
  199  16:22  Baneling x14  
  173  16:56  Zergling x2  
  173  16:57  Zergling x94  
  173  16:58  Zergling x2  
  173  16:59  Zergling x8  
  185  17:04  Zergling x2  
  185  17:05  Zergling x14  
  185  17:07  Zergling x2  
  185  17:08  Overseer x7  
  183  17:09  Zergling x8  
  183  17:10  Zergling x6  
  183  17:11  Zergling x2  
  191  17:16  Zergling x2, Extractor  
  191  17:19  Zergling x4  
  191  17:20  Zergling x4  
  191  17:22  Zergling x4  
  197  17:26  Zergling x6  
  197  17:29  Zergling x2  
  200  17:31  Baneling  
  200  17:32  Baneling x31  
  200  17:51  Zergling x8  
  200  17:52  Baneling x14  
  200  18:00  Baneling x6  
  197  18:08  Zergling x2  
  185  18:15  Zergling x32  
  181  18:20  Zergling x8  
  181  18:26  Zergling x8  
  125  18:27  Zergling x2  
Show
View Real Time Build Order
Export as new Build Order

Seither Terran - Winner!

Build Orders: Reaper Expand, Hellion Banshee 

Get SALT Encoding   

  12  0:00  SCV  
  13  0:12  SCV  
  14  0:17  Supply Depot  
  14  0:24  SCV  
  15  0:39  SCV  
  15  0:41  Barracks  
  16  0:43  Refinery  
  16  0:51  SCV  
  17  1:03  SCV  
  18  1:15  SCV  
  19  1:28  Orbital Command, Reaper  
  20  1:41  Command Center  
  20  1:51  Supply Depot  
  20  1:54  SCV  
  20  2:00  Marine  
  22  2:06  SCV  
  23  2:09  Factory  
  23  2:15  Refinery  
  23  2:18  SCV  
  23  2:21  Barracks Reactor  
  24  2:25  Bunker  
  24  2:31  SCV  
  25  2:43  SCV  
  26  2:55  SCV  
  26  2:56  Starport  
  26  2:57  Orbital Command  
  27  3:07  Hellion x2  
  27  3:08  SCV  
  27  3:10  Barracks Tech Lab  
  31  3:20  SCV  
  31  3:23  SCV  
  33  3:29  Hellion x2  
  33  3:32  SCV  
  38  3:35  SCV  
  38  3:37  Supply Depot  
  38  3:40  Banshee  
  42  3:42  Cloaking Field  
  42  3:45  Barracks Tech Lab  
  42  3:48  SCV x2  
  40  3:58  Hellion x2  
  40  4:01  Supply Depot, SCV x2  
  46  4:05  Stimpack  
  46  4:06  Marine  
  47  4:13  SCV x2  
  49  4:23  Banshee  
  52  4:28  Command Center  
  52  4:33  SCV x2  
  52  4:34  Supply Depot  
  54  4:38  Marine  
  55  4:46  Factory Reactor  
  55  4:48  SCV x2  
  55  4:50  Barracks x2  
  57  4:56  Marine  
  57  4:57  Supply Depot  
  58  5:00  SCV x2  
  58  5:06  Engineering Bay x2  
  60  5:12  SCV x2  
  62  5:18  Refinery x2  
  62  5:20  Starport Reactor  
  62  5:22  Supply Depot  
  62  5:23  Marine  
  62  5:24  SCV x2  
  65  5:36  SCV  
  65  5:37  SCV  
  65  5:38  Terran Infantry Armor Level 1  
  65  5:41  Marine  
  68  5:48  Combat Shield, Marine, SCV  
  68  5:49  Siege Tank  
  70  5:50  Orbital Command  
  70  5:55  SCV  
  70  5:56  Terran Infantry Weapons Level 1  
  71  5:57  Marine  
  71  5:58  Marine x2  
  71  5:59  Marine  
  71  6:00  SCV  
  76  6:05  Barracks  
  76  6:06  Barracks  
  76  6:09  Marine  
  76  6:10  Medivac x2  
  81  6:13  Orbital Command  
  81  6:15  Marine, SCV x2  
  84  6:21  Supply Depot  
  84  6:23  Supply Depot x2  
  84  6:24  Marine x2  
  86  6:32  Siege Tank, Marine x2  
  91  6:33  SCV  
  91  6:34  SCV  
  93  6:44  Marine  
  93  6:45  Marine x2  
  93  6:47  Medivac x2  
  98  6:49  SCV x3  
  103  6:54  Barracks Reactor  
  103  6:55  Barracks Reactor, Marine x2  
  106  7:01  SCV x2  
  106  7:02  Marine x2  
  106  7:05  SCV, Armory  
  106  7:07  Supply Depot  
  107  7:09  Siege Tank  
  107  7:13  SCV x2  
  112  7:17  Marine x3  
  112  7:19  SCV  
  112  7:20  Marine  
  112  7:21  Refinery  
  116  7:25  Marine, Supply Depot, SCV x2  
  119  7:31  Supply Depot  
  119  7:33  Marine x4  
  119  7:35  Medivac, Marine x3, Liberator  
  131  7:38  Refinery, Marine  
  131  7:39  SCV  
  131  7:43  Supply Depot  
  133  7:46  Marine  
  133  7:47  Siege Tank, SCV x2  
  133  7:51  Marine x2  
  139  7:53  Marine  
  139  7:56  Supply Depot  
  142  8:00  Command Center  
  142  8:02  SCV  
  142  8:03  Marine x3, SCV  
  142  8:04  Marine x2  
  149  8:13  Terran Infantry Weapons Level 2  
  149  8:14  Terran Infantry Armor Level 2  
  149  8:18  Marine x3  
  152  8:24  Factory  
  152  8:26  Marine x4  
  156  8:34  Supply Depot, Sensor Tower  
  156  8:36  Marine x3  
  156  8:37  Widow Mine, Drilling Claws  
  156  8:39  Marine  
  156  8:40  Marine  
  163  8:43  Marine  
  163  8:46  Barracks x2, Supply Depot  
  163  8:47  Supply Depot  
  164  8:48  Barracks  
  164  8:53  Marine  
  165  8:55  Marine x2  
  165  8:59  Widow Mine, Supply Depot  
  165  9:01  Supply Depot  
  167  9:11  Marine x3  
  167  9:12  Marine  
  167  9:24  Marine x3  
  167  9:25  Marine x2  
  167  9:26  Widow Mine, Factory Reactor  
  167  9:29  Marine  
  167  9:34  Barracks Tech Lab  
  167  9:35  Barracks Tech Lab x2  
  167  9:36  Marine x3  
  165  9:41  Planetary Fortress  
  165  9:42  Marine  
  165  9:43  Marauder  
  168  9:48  Widow Mine  
  168  9:49  Marine x3  
  168  9:51  Sensor Tower  
  168  9:52  Marine x2  
  173  9:53  Marine  
  173  9:54  Marauder, Marine  
  173  9:55  Medivac x2  
  183  10:04  Marauder  
  185  10:07  Command Center  
  185  10:11  Concussive Shells, Marauder x2, Marine x2  
  185  10:13  Widow Mine x3  
  197  10:15  Marauder  
  199  10:31  Terran Infantry Weapons Level 3  
  199  10:33  Ghost Academy  
  199  10:34  Terran Infantry Armor Level 3  
  199  10:39  Command Center  
  199  10:42  Command Center  
  199  10:44  Marine x2  
  136  10:55  Marine x4  
  136  10:56  Marauder x4, Marine  
  140  10:58  Marine  
  140  10:59  Widow Mine  
  140  11:00  Widow Mine  
  140  11:01  Marine  
  140  11:02  Medivac  
  141  11:10  Marine  
  142  11:13  Marine x4  
  142  11:17  Marauder x3  
  147  11:21  Widow Mine  
  147  11:22  Widow Mine x2  
  147  11:25  SCV x3  
  152  11:27  Marine x4  
  152  11:30  Marine  
  152  11:31  Marine  
  152  11:34  Medivac  
  152  11:38  Marauder  
  157  11:40  SCV x3  
  157  11:44  Widow Mine  
  157  11:45  Widow Mine x2  
  165  11:51  Liberator  
  168  11:58  SCV x3  
  171  12:03  Marauder x3, Marine x2  
  179  12:12  Marine, SCV x2  
  179  12:13  Orbital Command  
  182  12:22  Marauder, Marine  
  185  12:24  Marauder  
  187  12:31  Planetary Fortress  
  187  12:35  Widow Mine x2, Sensor Tower  
  187  12:36  Widow Mine  
  193  12:42  Medivac x2  
  197  12:49  Missile Turret  
  197  12:56  Ghost  
  199  12:58  Personal Cloaking  
  199  12:59  Command Center  
  199  13:06  Refinery x2  
  192  13:21  Ghost x3  
  192  13:24  Neosteel Armor, Hi-Sec Auto Tracking  
  196  13:33  Command Center  
  196  13:37  Ghost  
  198  13:42  Starport  
  198  13:44  Starport  
  198  13:50  Ghost  
  200  14:16  Orbital Command  
  200  14:17  Ghost Academy x2  
  200  14:18  Ghost Academy  
  200  14:19  Command Center  
  200  14:47  Starport Reactor x2  
  200  14:51  Barracks, Enhanced Shockwaves  
  200  14:52  Barracks  
  200  14:53  Nuke x2  
  200  14:54  Nuke  
  188  15:15  Ghost x4  
  188  15:17  Planetary Fortress  
  196  15:26  Widow Mine x3  
  194  15:47  Widow Mine  
  177  15:50  Liberator x2  
  183  16:05  Armory  
  183  16:10  Nuke  
  183  16:11  Planetary Fortress  
  183  16:17  Ghost x2  
  183  16:18  Ghost x2  
  187  16:20  Liberator x3  
  187  16:21  Missile Turret, Sensor Tower  
  187  16:24  Missile Turret  
  200  16:39  Command Center  
  200  16:44  Refinery x2  
  200  16:46  Ghost  
  156  17:03  Marauder x2, Marine x6  
  156  17:04  Marauder  
  161  17:14  Ghost  
  163  17:16  Missile Turret  
  163  17:17  Missile Turret  
  163  17:20  Command Center, Missile Turret  
  163  17:21  Nuke  
  163  17:22  Marine x4  
  167  17:23  Missile Turret  
  167  17:25  Marauder x3  
  173  17:44  Widow Mine x2, Marauder  
  179  17:46  Marauder x3  
  179  17:48  Widow Mine  
  187  17:53  Liberator  
  187  17:54  Liberator x3  
  187  17:56  Fusion Core  
  199  18:01  Command Center  
  199  18:02  Nuke x2  
  199  18:19  Marine x3  
  184  18:20  Marauder x4, Marine x2  
  170  18:28  Marine  
Tags
 
Add a new tag
Caveats
  • Supply blocks, unpowered buildings, or Contaminate may cause inaccurate times.
  • Supply counts are checked every 10 seconds.